 Dungeon Crawl Stone Soup version 0.23-a0-389-g4a5eb334b0 (webtiles) character file.

2371 LostNumber the Slicer (level 9, 0/56 HPs)
             Began as a Kobold Assassin on Oct 30, 2018.
             Was a Believer of Yredelemnul.
             Slain by Grum
             ... wielding a -1 glaive
              (17 damage)
             ... on level 7 of the Dungeon.
             The game lasted 00:19:25 (7736 turns).

LostNumber the Slicer (Kobold Assassin)             Turns: 7736, Time: 00:19:25

Health: 0/56       AC:  7    Str: 11    XL:     9   Next: 73%
Magic:  12/12      EV: 12    Int: 12    God:    Yredelemnul [**....]
Gold:   391        SH:  0    Dex: 17    Spells: 8/8 levels left

rFire    . . .     SeeInvis .   a - +1 scimitar (freeze)
rCold    . . .     Gourm    .   (shield restricted)
rNeg     + . .     Faith    .   l - +0 ring mail
rPois    .         Spirit   .   (no helmet)
rElec    .         Reflect  .   d - +0 cloak
rCorr    .         Harm     .   x - +0 pair of gloves
MR       .....                  (no boots)
Stlth    +++.......             u - amulet of regeneration
HPRegen  0.58/turn              F - ring of positive energy
MPRegen  0.13/turn              (no ring)

@: no status effects
A: small, carnivore
a: Animate Remains, Recall Undead Slaves, Injury Mirror, Renounce Religion


You were on level 7 of the Dungeon.
You worshipped Yredelemnul.
Yredelemnul was pleased with you.
You were completely stuffed.

You visited 1 branch of the dungeon, and saw 8 of its levels.

You collected 391 gold pieces.

Inventory:

Hand Weapons
 a - a +1 scimitar of freezing (weapon)
 b - a +0 blowgun
 K - a +2 dagger
Missiles
 e - 13 poisoned needles
 f - 2 curare-tipped needles
 p - 20 tomahawks (quivered)
Armour
 c - a +0 robe
 d - a +0 cloak (worn)
 l - a +0 ring mail (worn)
 x - a +0 pair of gloves (worn)
Jewellery
 u - an amulet of regeneration (around neck)
 F - a ring of positive energy (left hand)
 I - an uncursed ring of flight
 J - an uncursed ring of magical power
 N - an uncursed ring of fire
Wands
 q - a wand of acid (7)
 B - a wand of paralysis (15)
 L - a wand of random effects (12)
Scrolls
 h - 2 scrolls of enchant weapon {unknown}
 i - 4 scrolls of teleportation
 j - 2 scrolls of remove curse {unknown}
 m - 2 scrolls of noise {unknown}
 n - 2 scrolls of enchant armour {unknown}
 s - 2 scrolls of amnesia {unknown}
 v - 4 scrolls of identify {unknown}
 w - a scroll of blinking {unknown}
 y - 2 scrolls of magic mapping {unknown}
 E - 3 scrolls of fog {unknown}
 M - a scroll of random uselessness {unknown}
Potions
 k - 3 potions of magic {unknown}
 o - 5 potions of curing {unknown}
 r - a potion of haste {unknown}
 t - a potion of resistance {unknown}
 z - a potion of heal wounds {unknown}
 A - a potion of brilliance {unknown}
 C - a potion of degeneration {unknown}
 D - a potion of lignification {unknown}
 G - a potion of flight {unknown}
 H - a potion of agility {unknown}
Comestibles
 g - 14 rations
 O - a chunk of flesh


   Skills:
 + Level 6.6 Fighting
 - Level 9.0(9.8) Short Blades
 * Level 3.9(5.3) Long Blades
 + Level 5.2 Throwing
 - Level 1.2 Dodging
 - Level 6.0 Stealth
 - Level 5.2 Invocations
 + Level 2.1 Evocations


You had 8 spell levels left.
You didn't know any spells.
Your spell library contained the following spells:

 Spells                   Type           Power        Failure   Level  Hunger
 Animate Skeleton         Necr           N/A          63%         1    ##.....
 Apportation              Tloc           #.....       63%         1    ##.....
 Confusing Touch          Hex            #.....       63%         1    ##.....
 Magic Dart               Conj           #...         63%         1    ##.....
 Summon Small Mammal      Summ           #...         63%         1    ##.....
 Blink                    Tloc           N/A          77%         2    ###....
 Call Imp                 Summ           #.......     77%         2    ###....
 Slow                     Hex            #.......     77%         2    ###....
 Call Canine Familiar     Summ           #.......     94%         3    ####...
 Conjure Flame            Conj/Fire      #.......     94%         3    ####...
 Mephitic Cloud           Conj/Pois/Air  #.......     94%         3    ####...
 Summon Guardian Golem    Hex/Summ       #.......     94%         3    ####...
 Summon Ice Beast         Ice/Summ       #.......     100%        4    #####..
 Summon Lightning Spire   Summ/Air       #.......     100%        4    #####..


Dungeon Overview and Level Annotations

Branches:
Dungeon (8/15)             Temple (0/1) D:6
   Lair: D:8-11

Altars:
Dithmenos
Elyvilon
Fedhas
Gozag
Kikubaaqudgha
Makhleb
Trog
Yredelemnul
Zin
The Shining One

Shops:
D:5 [   D:6 =

Annotations:
D:7 Grum


Innate Abilities, Weirdness & Mutations

You are small and have problems with some larger weapons.
You are carnivorous and can eat meat at any time.


Message History

You slash the jackal! You freeze the jackal.
You kill the jackal!
Yredelemnul accepts your kill.
Your wolf skeleton closely misses Grum.
Grum hits your ogre zombie with a -1 glaive!
Your ogre zombie hits Grum with a +0 giant spiked club!
Your wolf skeleton bites Grum but does no damage.
Your wolf skeleton closely misses Grum.
Grum hits your ogre zombie with a -1 glaive!!
Your ogre zombie is destroyed!
Your wolf skeleton bites Grum but does no damage.
Your wolf skeleton closely misses Grum.
Your wolf skeleton bites Grum but does no damage.
Your wolf skeleton bites Grum!
Grum barely misses your wolf skeleton.
Your wolf skeleton bites Grum!
You barely miss Grum.
Grum is almost dead.
Your wolf skeleton bites Grum.
Grum hits you with a -1 glaive!
You die...
Your body rises from the dead as a mindless zombie.

.##...Z...##..#..#...#.######.#
###Z########..#.....###.......#
###.### #.....#...#.######.#
#..ZZ.# ##.#..##.#.## #.#
#<###.##### #.#..##.### #.# ..#
#..(Z.# #.#..##(# #.#
#.###.###.# #.......# #.#
#.....# #.#####.†#### #.#
###.### #.......@# #.## #.#
########g#### #..#
###.########## #Z...# ##.#
#............# ####.# #.#
....########.# #.# #.# #####
#.# #.# #.# #.######.# #.#
#........##########.#
#...................#


You could see Grum and a friendly wolf skeleton.

Vanquished Creatures
  Edmund (D:5)
  An orc warrior (D:4)
  A necrophage (D:7)
  4 ogres
  A wolf (D:7)
  2 centaurs (D:5)
  2 bullfrogs (D:7)
  2 scorpions
  An electric eel (D:8)
  4 howler monkeys
  A centaur zombie (D:7)
  A bullfrog zombie (D:6)
  2 hounds
  5 crimson imps
  A bullfrog skeleton (D:5)
  2 orc priests (D:4)
  4 orc wizards
  7 worker ants
  A killer bee zombie (D:6)
  3 adders
  An ufetubus (D:7)
  2 oozes
  2 adder skeletons
  3 worms
  5 leopard geckos
  8 orcs
  A giant cockroach (D:3)
  6 goblins
  8 hobgoblins
  2 jackals
  7 quokkas
  A ball python (D:3)
  A ball python skeleton (D:4)
  7 bats
  7 frilled lizards
  5 kobolds
  A leopard gecko skeleton (D:4)
  A quokka skeleton (D:5)
  10 rats
124 creatures vanquished.

Vanquished Creatures (collateral kills)
  An orc warrior (D:7)
  3 wolves (D:7)
  A scorpion (D:5)
5 creatures vanquished.

Vanquished Creatures (others)
  A wolf skeleton (D:7)
  A bullfrog skeleton (D:7)
  An ogre zombie (D:7)
  A necrophage skeleton (D:7)
  A hound skeleton (D:7)
  2 howler monkey zombies (D:7)
  A quokka zombie (D:7)
8 creatures vanquished.

Grand Total: 137 creatures vanquished

Notes
Turn   | Place    | Note
-------+----------+-------------------------------------------
     0 | D:1      | LostNumber the Kobold Assassin began the quest for the Orb.
     0 | D:1      | Reached XP level 1. HP: 12/12 MP: 1/1
   304 | D:1      | Reached skill level 3 in Short Blades
   399 | D:1      | Reached XP level 2. HP: 18/18 MP: 2/2
   757 | D:1      | Reached XP level 3. HP: 22/22 MP: 3/3
  1399 | D:2      | Reached skill level 4 in Short Blades
  1399 | D:2      | Reached XP level 4. HP: 5/27 MP: 4/4
  1698 | D:2      | Found a basalt altar of Yredelemnul.
  1811 | D:2      | Became a worshipper of Yredelemnul the Dark
  2306 | D:2      | Found a white marble altar of Elyvilon.
  2795 | D:4      | Reached XP level 5. HP: 23/32 MP: 5/5
  3059 | D:5      | Entered Level 5 of the Dungeon
  3063 | D:5      | Found Isaaxt's Antique Armour Shop.
  3077 | D:5      | Found a blossoming altar of Fedhas.
  3163 | D:5      | Reached skill level 1 in Invocations
  3221 | D:5      | Noticed Edmund
  3272 | D:5      | Killed Edmund
  3272 | D:5      | Reached skill level 5 in Short Blades
  3272 | D:5      | Reached XP level 6. HP: 38/38 MP: 5/7
  3470 | D:4      | Reached skill level 6 in Short Blades
  3699 | D:3      | Reached * piety under Yredelemnul
  3710 | D:3      | Reached XP level 7. HP: 40/43 MP: 8/8
  3798 | D:3      | Found an ancient bone altar of Kikubaaqudgha.
  3817 | D:3      | Found a glowing silver altar of Zin.
  3822 | D:3      | Found a bloodstained altar of Trog.
  3826 | D:3      | Found an opulent altar of Gozag.
  3827 | D:3      | Found a glowing golden altar of the Shining One.
  4740 | D:4      | Reached skill level 7 in Short Blades
  5416 | D:5      | Reached XP level 8. HP: 44/48 MP: 10/10
  5468 | D:4      | Reached skill level 8 in Short Blades
  5561 | D:5      | Reached skill level 5 in Fighting
  5850 | D:5      | Found a burning altar of Makhleb.
  5951 | D:5      | Reached skill level 9 in Short Blades
  6413 | D:6      | Reached skill level 1 in Long Blades
  6417 | D:6      | Found Rebbox's Jewellery Shop.
  6620 | D:6      | Reached XP level 9. HP: 55/55 MP: 12/12
  6696 | D:6      | Found a staircase to the Ecumenical Temple.
  6781 | D:7      | Reached skill level 5 in Invocations
  7110 | D:7      | Reached ** piety under Yredelemnul
  7311 | D:7      | Found a shadowy altar of Dithmenos.
  7455 | D:8      | Noticed Grum
  7462 | D:7      | Reached skill level 1 in Evocations
  7526 | D:7      | Reached skill level 5 in Throwing
  7647 | D:8      | Noticed a two-headed ogre
  7652 | D:8      | Noticed a polar bear
  7652 | D:8      | Noticed a troll
  7736 | D:7      | Slain by Grum

Vault maps used:
D:1:      eino_arrival_water_star
D:2:      kennysheep_ying_yang
D:3:      kiku_gazebo_garden_becter, minitemple, first_ration
D:4:      kennysheep_spiral_hall, guppyfry_early_orc_mine
D:5:      lightli_temple_of_fire, kennysheep_little_box, serial_shops,
          kennysheep_mini_moat, uniq_edmund
D:6:      minmay_temple_entry_enclosed_plants, serial_shops, shop
D:7:      overflow_temple_1_default
D:8:      okawaru_ov_weapons_minmay, erik_lair_island, serial_ice, serial_ice_a,
          serial_ice_o, serial_ice_l, serial_ice_b, basic_altar, uniq_grum

Skill      XL: |  1  2  3  4  5  6  7  8  9 |
---------------+----------------------------+-----
Short Blades   | 3 4 5 6 7 9 |  9.0
Fighting       | 3 4 5 6 |  6.6
Throwing       | 3 4 5 |  5.2
Stealth        | 6 |  6.0
Invocations    | 2 3 4 5 |  5.2
Long Blades    | 1 3 |  3.9
Evocations     | 2 |  2.1
Dodging        | |  1.2

Action                   |  1- 3 |  4- 6 |  7- 9 || total
-------------------------+-------+-------+-------++-------
Melee: Dagger            |    76 |    78 |   311 ||   465
       Scimitar          |       |       |   103 ||   103
 Fire: Blowgun           |       |    22 |    47 ||    69
Throw: Tomahawk          |     4 |     1 |    10 ||    15
Invok: Animate Remains   |       |       |    11 ||    11
       Recall Undead Sla |       |       |     1 ||     1
Evoke: Wand              |       |       |     1 ||     1
  Use: Scroll            |       |       |     1 ||     1
 Stab: Sleeping          |     8 |     8 |    10 ||    26
       Distracted        |       |     1 |       ||     1
  Eat: Chunk             |     9 |     8 |    17 ||    34
Armor: Robe              |     5 |       |       ||     5
       Ring mail         |     6 |    31 |   109 ||   146
Dodge: Dodged            |    33 |    36 |   204 ||   273
       Rpst.: Scimitar   |       |       |    20 ||    20

Table legend:
 A = Non-vault XP
 B = Vault XP
 C = Vault XP percentage of total XP
 D = Non-vault monster count
 E = Vault monster count
 F = Vault count percentage of total count
                 A         B        C        D         E       F
            +---------+---------+-------+---------+---------+-------
      Total |    2572 |     816 |  24.1 |     113 |      16 |  12.4
            +---------+---------+-------+---------+---------+-------
        D:1 |      39 |       0 |   0.0 |      23 |       0 |   0.0
        D:2 |      74 |       0 |   0.0 |      15 |       0 |   0.0
        D:3 |     100 |       0 |   0.0 |      18 |       0 |   0.0
        D:4 |     379 |     242 |  39.0 |      15 |      10 |  40.0
        D:5 |     610 |     173 |  22.1 |      12 |       1 |   7.7
        D:6 |     417 |       0 |   0.0 |      10 |       0 |   0.0
        D:7 |     896 |     401 |  30.9 |      18 |       5 |  21.7
        D:8 |      57 |       0 |   0.0 |       2 |       0 |   0.0
            +---------+---------+-------+---------+---------+-------
